 Dungeon Crawl Stone Soup version 0.28.0-45-g0d030f2227 (webtiles) character file.

Game seed: 2934084591645775866

378 brightshaft the Cleaver (level 6, -2/52 HPs)
             Began as a Hill Orc Fighter on Apr 16, 2022.
             Was an Initiate of Makhleb.
             Killed by divine providence
             ... invoked by an orc priest
              (8 damage)
             ... on level 4 of the Dungeon.
             The game lasted 00:06:53 (3433 turns).

brightshaft the Cleaver (Hill Orc Fighter)          Turns: 3433, Time: 00:06:54

Health: -2/52      AC:  9    Str: 21      XL:     6   Next: 74%
Magic:  6/6        EV:  9    Int:  8      God:    Makhleb [......]
Gold:   156        SH:  4    Dex:  9 (10) Spells: 5/5 levels left

rFire   . . .      SeeInvis .   a - +0 war axe
rCold   . . .      Faith    .   c - +0 buckler
rNeg    + . .      Spirit   .   b - +0 scale mail
rPois   .          Reflect  .   (no helmet)
rElec   .          Harm     .   (no cloak)
rCorr   .          Rampage  .   (no gloves)
Will    .....                   f - +1 pair of boots
Stlth   ..........              (no amulet)
HPRegen 0.17/turn               m - ring of positive energy
MPRegen 0.10/turn               (no ring)

@: no status effects
A: no striking features
a: Renounce Religion, Convert to Beogh


You were on level 4 of the Dungeon.
You worshipped Makhleb.
Makhleb was noncommittal.
You visited 1 branch of the dungeon, and saw 4 of its levels.

You collected 156 gold pieces.

Inventory:

Hand Weapons
 a - a +0 war axe (weapon)
Armour
 b - a +0 scale mail (worn)
 c - a +0 buckler (worn)
 f - a +1 pair of boots (worn)
Jewellery
 m - a ring of positive energy (left hand)
Scrolls
 d - a scroll of amnesia {unknown}
 g - a scroll of identify {@r1}
 j - a scroll of vulnerability
Potions
 h - a potion of lignification
 i - a potion of cancellation
 k - a potion of curing {@q1}


   Skills:
 + Level 3.9 Fighting
 + Level 8.2 Axes
 + Level 3.5 Armour
 - Level 4.0 Shields
 + Level 1.3 Invocations


You had 5 spell levels left.
You didn't know any spells.
Your spell library contained the following spells:

 Spells                   Type           Power      Damage    Failure   Level
 Shock                    Conj/Air       0%         1d3       83%         1
 Swiftness                Air            0%         N/A       99%         3
 Airstrike                Air            0%         N/A       100%        4


Dungeon Overview and Level Annotations

Branches:
Dungeon (4/15)             Temple (0/1) D:4

Altars:
Makhleb
Sif Muna
Zin

Annotations:
D:4 Edmund, Eustachio


Message History

You barely miss the quasit. You hit the orc. x2
The quasit disappears in a puff of smoke!
You block the orc's attack. The orc closely misses you.
The orc priest calls down the wrath of Beogh upon you.
Beogh smites you! The orc hits you but does no damage.
The orc hits you with a +0 short sword. The iron imp hits you.
Eustachio gestures wildly while chanting.
Eustachio blinks!
You hit the iron imp but do no damage. You hit the orc but do no damage.
The orc barely misses you.
The orc priest looks encouraged for a moment.
The iron imp hits you but does no damage.
The orc priest shouts, "Surrender to Beogh and we'll let you live!"
You hit the orc.
You kill the orc!
Makhleb accepts your kill.
You hit the iron imp.
The shadow imp disappears in a puff of smoke!
You barely miss the orc. You barely miss the iron imp.
The iron imp disappears in a puff of smoke!
The orc priest calls upon Beogh to heal the orc.
The orc's wounds heal themselves!
You closely miss the orc. x2; The orc barely misses you.
The orc hits you but does no damage.
The orc priest invokes the aid of Beogh against you.
Beogh smites you!
You slash the orc!
You kill the orc!
Makhleb accepts your kill.
You hit the orc. The orc closely misses you.
The orc priest calls down the wrath of Beogh upon you.
Beogh smites you!
* * * LOW HITPOINT WARNING * * *
The orc barely misses you.
You hear a bark!
The orc priest threatens, "By the altar or by the axe, you will meet Beogh!"
The orc priest mumbles some strange prayers to Beogh against you.
Beogh smites you!
You die...

#...#.###...##.####.#
#.#(..##..5###.# ..
#.###....5## ..# .#
#. #.....###.## #
...###....##..
##........##.#
.#....##.###
#........o####
#....#...#.#.@oo#
...##
##..#.####.:.).# #
##.#.## #.>..# .
#....# $.$... .#
###...?# .#### .#
##....#.# .# #
##.....#... .
####..(....#### ##
#..........#


You could see 2 orc priests and an orc.

Vanquished Creatures
  2 hounds
  An orc priest (D:4)
  An iguana (D:4)
  Jessica (D:2)
  Natasha (thrice) (D:2)
  2 orc wizards (D:4)
  4 adders
  6 dart slugs
  5 orcs
  7 ball pythons
  A bat (D:1)
  4 endoplasms
  2 giant cockroaches (D:3)
  4 goblins
  5 hobgoblins
  4 jackals (D:1)
  2 quokkas (D:2)
  4 frilled lizards
  A kobold (D:3)
  9 rats
68 creatures vanquished.

Notes
Turn   | Place    | Note
-------+----------+-------------------------------------------
     0 | D:1      | brightshaft the Hill Orc Fighter began the quest for the
                  | Orb.
     0 | D:1      | Reached XP level 1. HP: 19/19 MP: 1/1
    17 | D:1      | Reached skill level 3 in Axes
    26 | D:1      | Reached XP level 2. HP: 26/26 MP: 2/2
   199 | D:1      | Found a faded altar of an unknown god.
   336 | D:1      | Reached XP level 3. HP: 31/31 MP: 3/3
   364 | D:1      | Reached skill level 4 in Axes
   477 | D:2      | Found a burning altar of Makhleb.
   481 | D:2      | Noticed Jessica
   485 | D:2      | Killed Jessica
   486 | D:2      | Reached skill level 5 in Axes
   486 | D:2      | Reached XP level 4. HP: 39/39 MP: 4/4
   523 | D:2      | Noticed Natasha
   533 | D:2      | Killed Natasha
   545 | D:2      | Became a worshipper of Makhleb the Destroyer
   693 | D:2      | Noticed Natasha
   697 | D:2      | Killed Natasha
   698 | D:2      | Reached skill level 6 in Axes
   698 | D:2      | Reached XP level 5. HP: 45/45 MP: 5/5
  1100 | D:2      | Noticed Natasha
  1112 | D:2      | Killed Natasha
  1353 | D:3      | Reached skill level 7 in Axes
  1600 | D:3      | Found a shimmering blue altar of Sif Muna.
  1800 | D:3      | Found a glowing silver altar of Zin.
  2101 | D:4      | Reached XP level 6. HP: 43/51 MP: 6/6
  2205 | D:4      | Noticed Eustachio
  2729 | D:3      | Reached skill level 8 in Axes
  2859 | D:4      | Reached skill level 1 in Invocations
  3206 | D:4      | Noticed Edmund
  3417 | D:4      | Found a staircase to the Ecumenical Temple.
  3433 | D:4      | Killed from afar by an orc priest

Illustrated notes

Levels and vault maps discovered:
D:1:      nzn_arrival_crosshair, layout_rooms,
          dreamdust_ecumenical_altar_statues, corexii_leaking_fountain,
          nicolae_concentric_dashed_squares_wild
D:2:      layout_basic, basic_altar, uniq_natasha, uniq_jessica
D:3:      layout_loops_cross, mainiacjoe_overflow_alcove_2,
          lemuel_coloured_pillars_altar
D:4:      layout_rooms, chequers_temple_overflow_statue_of_worship,
          nicolae_wu_jian_immortal_techniques, minmay_temple_entry_offerings,
          item_on_display_a, uniq_menkaure, uniq_edmund, uniq_eustachio

Skill      XL: |  1  2  3  4  5  6 |
---------------+-------------------+-----
Axes           | 3 5 6 7 8 |  8.2
Shields        | 4 |  4.0
Invocations    | 1 |  1.3
Fighting       | |  3.9
Armour         | |  3.5

Action                   |  1- 3 |  4- 6 || total
-------------------------+-------+-------++-------
Melee: War axe           |    70 |   189 ||   259
  Use: Potion            |       |     1 ||     1
       Scroll            |       |     7 ||     7
Armor: Scale mail        |    35 |    93 ||   128
Dodge: Dodged            |    35 |   116 ||   151
Block: Buckler           |     9 |    38 ||    47
